DBL
KANSAS CITY ROYALS @ BOSTON RED SOX
04/24/1997
 
TOP OF THE 1ST
Kansas City Royals batting - Pitching for Boston Red Sox : RHP Pete Harnisch
Pitching: RHP Pete Harnisch
Batting: SHB Roberto Alomar 0-0: DOUBLE (Groundball, 3L, EV 105.0 MPH)
Batting: LHB Ray Lankford 0-0: Swinging Strike
0-1: Foul Ball, location: 2F
0-2: Ball
1-2: Ball
2-2: Strikes out swinging
Batting: LHB Jim Thome 0-0: Called Strike
0-1: Swinging Strike
0-2: Foul Ball, location: 2F
0-2: Ball
1-2: Ball
2-2: Foul Ball, location: 2F
2-2: Strikes out looking
Batting: LHB Jeromy Burnitz 0-0: Called Strike
0-1: Swinging Strike
0-2: Ball
1-2: Ball
2-2: Foul Ball, location: 2F
2-2: Ball
3-2: SINGLE (Line Drive, 78S, EV 112.5 MPH)
Roberto Alomar to third
Roberto Alomar scores
Batting: LHB Rick Wilkins 0-0: Called Strike
0-1: Ball
1-1: Foul Ball, location: 2F
1-2: Strikes out swinging
Top of the 1st over - 1 run, 2 hits, 0 errors, 1 left on base; Kansas City 1 - Boston 0
BOTTOM OF THE 1ST
Boston Red Sox batting - Pitching for Kansas City Royals : RHP Kevin Brown
Pitching: RHP Kevin Brown
Batting: RHB Edgar Renteria 0-0: Called Strike
0-1: Ball
1-1: Swinging Strike
1-2: SINGLE (Line Drive, 6D, EV 95.0 MPH)
Batting: LHB Todd Hollandsworth 0-0: Called Strike
Edgar Renteria steals 2nd base
0-1: Ball
1-1: Ball
2-1: Foul Ball, location: 2F
2-2: Ball
3-2: Ground out 3-1 (Groundball, 34, EV 83.8 MPH)
Edgar Renteria to third
Batting: LHB Barry Bonds 0-0: Foul Ball, location: 2F
0-1: Foul Ball, location: 2F
0-2: Ground out U3 (Groundball, 3L, EV 85.6 MPH)
Batting: RHB Danny Tartabull 0-0: Ball
1-0: Foul Ball, location: 2F
1-1: Ball
2-1: Ball
3-1: Ground out 6-3 (Groundball, 6, EV 90.6 MPH)
Bottom of the 1st over - 0 runs, 1 hit, 0 errors, 1 left on base; Kansas City 1 - Boston 0
TOP OF THE 2ND
Kansas City Royals batting - Pitching for Boston Red Sox : RHP Pete Harnisch
Batting: RHB Barry Larkin 0-0: Called Strike
0-1: Ball
1-1: Ground out 1-3 (Groundball, 34S, EV 92.5 MPH)
Batting: RHB Richard Hidalgo 0-0: Ball
1-0: Foul Ball, location: 2F
1-1: Fly out, F9 (Flyball, 9LD, EV 100.0 MPH)
Batting: RHB Andruw Jones 0-0: Called Strike
0-1: Ball
1-1: Fly out, F8 (Flyball, 8LD, EV 102.5 MPH)
Top of the 2nd over - 0 runs, 0 hits, 0 errors, 0 left on base; Kansas City 1 - Boston 0
BOTTOM OF THE 2ND
Boston Red Sox batting - Pitching for Kansas City Royals : RHP Kevin Brown
Batting: RHB Akira Eto 0-0: Fly out, F8 (Flyball, 8RM, EV 84.4 MPH)
Batting: LHB Rusty Greer 0-0: Called Strike
0-1: Fly out, F9 (Flyball, 9S, EV 76.3 MPH)
Batting: RHB Mike Cameron 0-0: Called Strike
0-1: Ball
1-1: SINGLE (Groundball, 6MD, EV 100.6 MPH)
Batting: RHB Scott Fletcher 0-0: Swinging Strike
0-1: Fielders Choice at 2nd, U4 (Groundball, 4M, EV 86.3 MPH)
Bottom of the 2nd over - 0 runs, 1 hit, 0 errors, 1 left on base; Kansas City 1 - Boston 0
TOP OF THE 3RD
Kansas City Royals batting - Pitching for Boston Red Sox : RHP Pete Harnisch
Batting: RHB Tim Naehring 0-0: Fly out, F9 (Line Drive, 9, EV 86.3 MPH)
Batting: SHB Roberto Alomar 0-0: Ball
1-0: Foul Ball, location: 2F
1-1: Foul Ball, location: 2F
1-2: Strikes out swinging
Batting: LHB Ray Lankford 0-0: Called Strike
0-1: Foul Ball, location: 2F
0-2: Strikes out swinging
Top of the 3rd over - 0 runs, 0 hits, 0 errors, 0 left on base; Kansas City 1 - Boston 0
BOTTOM OF THE 3RD
Boston Red Sox batting - Pitching for Kansas City Royals : RHP Kevin Brown
Batting: RHB Mike Stanley 0-0: Ball
1-0: Ball
2-0: Foul Ball, location: 2F
2-1: Ball
3-1: Base on Balls
Batting: RHB Edgar Renteria 0-0: Sac Bunt to 15 - play at first, batter OUT! 1-3
Mike Stanley to second
Batting: LHB Todd Hollandsworth 0-0: Fly out, F9 (Flyball, 9D, EV 108.1 MPH)
Batting: LHB Barry Bonds 0-0: Called Strike
0-1: Ball
Wild Pitch!
Mike Stanley to third
1-1: Ball
2-1: Swinging Strike
2-2: Ball
3-2: Fly out, F8 (Flyball, 78S, EV 79.4 MPH)
Bottom of the 3rd over - 0 runs, 0 hits, 0 errors, 1 left on base; Kansas City 1 - Boston 0
TOP OF THE 4TH
Kansas City Royals batting - Pitching for Boston Red Sox : RHP Pete Harnisch
Batting: LHB Jim Thome 0-0: Ball
1-0: Swinging Strike
1-1: Foul Ball, location: 2F
1-2: Ball
2-2: Strikes out swinging
Batting: LHB Jeromy Burnitz 0-0: Foul Ball, location: 2F
0-1: Ball
1-1: Swinging Strike
1-2: Strikes out swinging
Batting: LHB Rick Wilkins 0-0: Foul Ball, location: 2F
0-1: Swinging Strike
0-2: Strikes out looking
Top of the 4th over - 0 runs, 0 hits, 0 errors, 0 left on base; Kansas City 1 - Boston 0
BOTTOM OF THE 4TH
Boston Red Sox batting - Pitching for Kansas City Royals : RHP Kevin Brown
Batting: RHB Danny Tartabull 0-0: Called Strike
0-1: Foul Ball, location: 2F
0-2: Ball
1-2: Foul Ball, location: 2F
1-2: Ball
2-2: Strikes out swinging
Batting: RHB Akira Eto 0-0: Called Strike
0-1: Called Strike
0-2: Ball
1-2: Fly out, F3 (Popup, 3S, EV 73.8 MPH)
Batting: LHB Rusty Greer 0-0: Ball
1-0: Called Strike
1-1: Fly out, F7 (Flyball, 78S, EV 86.3 MPH)
Bottom of the 4th over - 0 runs, 0 hits, 0 errors, 0 left on base; Kansas City 1 - Boston 0
TOP OF THE 5TH
Kansas City Royals batting - Pitching for Boston Red Sox : RHP Pete Harnisch
Batting: RHB Barry Larkin 0-0: Called Strike
0-1: Foul Ball, location: 2F
0-2: Ball
1-2: Ball
2-2: Fly out, F8 (Flyball, 8RD, EV 102.5 MPH)
Batting: RHB Richard Hidalgo 0-0: Called Strike
0-1: Ball
1-1: Ball
2-1: Foul Ball, location: 2F
2-2: Ball
3-2: SINGLE (Line Drive, 8LS, EV 90.6 MPH)
Batting: RHB Andruw Jones 0-0: Ball
1-0: Fly out, F5 (Flyball, 5D, EV 96.3 MPH)
Batting: RHB Tim Naehring 0-0: Ground out 4-3 (Groundball, 34, EV 105.6 MPH)
Top of the 5th over - 0 runs, 1 hit, 0 errors, 1 left on base; Kansas City 1 - Boston 0
BOTTOM OF THE 5TH
Boston Red Sox batting - Pitching for Kansas City Royals : RHP Kevin Brown
Batting: RHB Mike Cameron 0-0: Called Strike
0-1: Swinging Strike
0-2: Strikes out swinging
Batting: RHB Scott Fletcher 0-0: Ball
1-0: Ground out 6-3 (Groundball, 6, EV 88.1 MPH)
Batting: RHB Mike Stanley 0-0: Called Strike
0-1: Ground out 6-3 (Groundball, 6, EV 105.6 MPH)
Bottom of the 5th over - 0 runs, 0 hits, 0 errors, 0 left on base; Kansas City 1 - Boston 0
TOP OF THE 6TH
Kansas City Royals batting - Pitching for Boston Red Sox : RHP Pete Harnisch
Batting: SHB Roberto Alomar 0-0: Ball
1-0: Fly out, F7 (Line Drive, 7D, EV 98.8 MPH)
Batting: LHB Ray Lankford 0-0: Foul Ball, location: 2F
0-1: Fly out, F9 (Flyball, 89M, EV 82.5 MPH)
Batting: LHB Jim Thome 0-0: Ball
1-0: Foul Ball, location: 2F
1-1: Foul Ball, location: 2F
1-2: Strikes out swinging
Top of the 6th over - 0 runs, 0 hits, 0 errors, 0 left on base; Kansas City 1 - Boston 0
BOTTOM OF THE 6TH
Boston Red Sox batting - Pitching for Kansas City Royals : RHP Kevin Brown
Batting: RHB Edgar Renteria 0-0: Called Strike
0-1: Ball
1-1: Foul Ball, location: 2F
1-2: Strikes out swinging
Batting: LHB Todd Hollandsworth 0-0: Ground out 4-3 (Groundball, 4, EV 89.4 MPH)
Batting: LHB Barry Bonds 0-0: Called Strike
0-1: Ball
1-1: Ball
2-1: Swinging Strike
2-2: Fly out, F9 (Flyball, 8RS, EV 84.4 MPH)
Bottom of the 6th over - 0 runs, 0 hits, 0 errors, 0 left on base; Kansas City 1 - Boston 0
TOP OF THE 7TH
Kansas City Royals batting - Pitching for Boston Red Sox : RHP Pete Harnisch
Batting: LHB Jeromy Burnitz 0-0: Ball
1-0: Ball
2-0: Called Strike
2-1: Fly out, F4 (Popup, 4S, EV 71.3 MPH)
Batting: LHB Rick Wilkins 0-0: Ground out U3 (Groundball, 3, EV 85.6 MPH)
Batting: RHB Barry Larkin 0-0: Called Strike
0-1: Ball
1-1: Ball
2-1: Foul Ball, location: 2F
2-2: Ball
3-2: Fly out, F9 (Flyball, 9LSF, EV 81.3 MPH)
Top of the 7th over - 0 runs, 0 hits, 0 errors, 0 left on base; Kansas City 1 - Boston 0
BOTTOM OF THE 7TH
Boston Red Sox batting - Pitching for Kansas City Royals : RHP Kevin Brown
Batting: RHB Danny Tartabull 0-0: Called Strike
0-1: Ground out 5-3 (Groundball, 56S, EV 66.9 MPH)
Batting: RHB Akira Eto 0-0: Foul Ball, location: 2F
0-1: Called Strike
0-2: Strikes out swinging
Batting: LHB Rusty Greer 0-0: Called Strike
0-1: Ball
1-1: Ball
2-1: Foul Ball, location: 2F
2-2: Ball
3-2: Fly out, F8 (Line Drive, 8LD, EV 88.1 MPH)
Bottom of the 7th over - 0 runs, 0 hits, 0 errors, 0 left on base; Kansas City 1 - Boston 0
TOP OF THE 8TH
Kansas City Royals batting - Pitching for Boston Red Sox : RHP Pete Harnisch
Batting: RHB Richard Hidalgo 0-0: Ball
1-0: Ground out U3 (Groundball, 34, EV 83.8 MPH)
Batting: RHB Andruw Jones 0-0: Ball
1-0: Swinging Strike
1-1: Ball
2-1: Ball
3-1: Base on Balls
Batting: RHB Tim Naehring 0-0: Ball
1-0: Ball
2-0: Ball
3-0: Called Strike
3-1: Fly out, F9 (Flyball, 89M, EV 95.0 MPH)
Batting: SHB Roberto Alomar 0-0: Ball
1-0: Called Strike
Andruw Jones steals 2nd base
1-1: Foul Ball, location: 2F
1-2: Strikes out swinging
Top of the 8th over - 0 runs, 0 hits, 0 errors, 1 left on base; Kansas City 1 - Boston 0
BOTTOM OF THE 8TH
Boston Red Sox batting - Pitching for Kansas City Royals : RHP Kevin Brown
Batting: RHB Mike Cameron 0-0: Ball
1-0: Ground out 6-3 (Groundball, 6M, EV 106.9 MPH)
Batting: RHB Scott Fletcher 0-0: SINGLE (Groundball, 56D, EV 98.1 MPH)
Batting: RHB Mike Stanley 0-0: Foul Ball, location: 2F
0-1: Swinging Strike
0-2: Strikes out swinging
Batting: RHB Edgar Renteria 0-0: Ball
1-0: Ball
2-0: Foul Ball, location: 2F
2-1: Foul Ball, location: 2F
2-2: Foul Ball, location: 2F
2-2: Ball
3-2: Strikes out swinging
Bottom of the 8th over - 0 runs, 1 hit, 0 errors, 1 left on base; Kansas City 1 - Boston 0
TOP OF THE 9TH
Kansas City Royals batting - Pitching for Boston Red Sox : RHP Pete Harnisch
Batting: LHB Ray Lankford 0-0: Called Strike
0-1: Ball
1-1: DOUBLE (Flyball, 8RXD, EV 96.3 MPH)
Batting: LHB Jim Thome 0-0: Ball
1-0: Called Strike
1-1: Ball
2-1: Called Strike
2-2: Strikes out swinging
Pitching: RHP Mike Fyhrie
Batting: LHB Jeromy Burnitz 0-0: Called Strike
0-1: Ball
1-1: Ball
2-1: Ball
3-1: Called Strike
3-2: Ground out 5-3 (Groundball, 56, EV 101.9 MPH)
Batting: LHB Rick Wilkins 0-0: Ball
1-0: Called Strike
1-1: Called Strike
1-2: Strikes out swinging
Top of the 9th over - 0 runs, 1 hit, 0 errors, 1 left on base; Kansas City 1 - Boston 0
BOTTOM OF THE 9TH
Boston Red Sox batting - Pitching for Kansas City Royals : RHP Kevin Brown
Batting: LHB Todd Hollandsworth 0-0: Ball
1-0: Fly out, F8 (Flyball, 78M, EV 85.6 MPH)
Batting: LHB Barry Bonds 0-0: Ball
1-0: Foul Ball, location: 2F
1-1: Foul Ball, location: 2F
1-2: Ball
2-2: Foul Ball, location: 2F
2-2: Foul Ball, location: 2F
2-2: Foul Ball, location: 2F
2-2: Ball
3-2: Foul Ball, location: 2F
3-2: SINGLE (Line Drive, 7LS, EV 100.0 MPH)
Batting: RHB Danny Tartabull 0-0: Ball
1-0: SINGLE (Flyball, 7S, EV 98.1 MPH)
Barry Bonds to second
Batting: RHB Akira Eto 0-0: Ball
1-0: Ball
2-0: Called Strike
2-1: Swinging Strike
2-2: Strikes out swinging
Batting: LHB Rusty Greer 0-0: Foul Ball, location: 2F
0-1: Ball
1-1: SINGLE (Flyball, 7LS, EV 91.3 MPH)
Barry Bonds to third
Danny Tartabull to second
Runner from 3rd tries for Home, SAFE, throw by LF to home
Batting: RHB Mike Cameron 0-0: Called Strike
0-1: Called Strike
0-2: Strikes out looking
Bottom of the 9th over - 1 run, 3 hits, 0 errors, 2 left on base; Kansas City 1 - Boston 1
TOP OF THE 10TH
Kansas City Royals batting - Pitching for Boston Red Sox : RHP Mike Fyhrie
Pitching: RHP Roberto Hernandez
Batting: RHB Barry Larkin 0-0: Called Strike
0-1: Ball
1-1: Ball
2-1: Foul Ball, location: 2F
2-2: Foul Ball, location: 2F
2-2: Strikes out swinging
Batting: RHB Richard Hidalgo 0-0: Ball
1-0: Foul Ball, location: 2F
1-1: Ball
2-1: Ball
3-1: Base on Balls
Batting: RHB Andruw Jones 0-0: Ball
1-0: Called Strike
1-1: Foul Ball, location: 2F
1-2: Foul Ball, location: 2F
1-2: Strikes out swinging
Batting: RHB Tim Naehring 0-0: Ball
1-0: Swinging Strike
1-1: Called Strike
1-2: Foul Ball, location: 2F
1-2: Ball
2-2: Fly out, F9 (Flyball, 9D, EV 95.0 MPH)
Top of the 10th over - 0 runs, 0 hits, 0 errors, 1 left on base; Kansas City 1 - Boston 1
BOTTOM OF THE 10TH
Boston Red Sox batting - Pitching for Kansas City Royals : RHP Kevin Brown
Batting: RHB Scott Fletcher 0-0: Called Strike
0-1: Ground out 6-3 (Groundball, 6, EV 77.5 MPH)
Batting: RHB Mike Stanley 0-0: Ball
1-0: Swinging Strike
1-1: Called Strike
1-2: Foul Ball, location: 2F
1-2: Strikes out swinging
Batting: RHB Edgar Renteria 0-0: Ball
1-0: Fly out, F7 (Line Drive, 7, EV 105.0 MPH)
Bottom of the 10th over - 0 runs, 0 hits, 0 errors, 0 left on base; Kansas City 1 - Boston 1
TOP OF THE 11TH
Kansas City Royals batting - Pitching for Boston Red Sox : RHP Roberto Hernandez
Batting: SHB Roberto Alomar 0-0: Ball
1-0: Ball
2-0: SINGLE (Line Drive, 4D, EV 98.8 MPH)
Batting: LHB Ray Lankford 0-0: Called Strike
Roberto Alomar steals 2nd base
0-1: Fly out, F6 (Popup, 6, EV 54.4 MPH)
Pitching: LHP Rosario Rodriguez
Batting: LHB Jim Thome 0-0: Intentional Walk
Batting: LHB Jeromy Burnitz 0-0: Ball
Roberto Alomar steals 3rd base
1-0: Called Strike
1-1: Fly out, F8 (Line Drive, 8RD, EV 90.0 MPH)
Runner from 3rd tags up, SCORES, throw by CF
Batting: LHB Rick Wilkins 0-0: Ground out 6-3 (Groundball, 6MS, EV 88.1 MPH)
Top of the 11th over - 1 run, 1 hit, 0 errors, 1 left on base; Kansas City 2 - Boston 1
BOTTOM OF THE 11TH
Boston Red Sox batting - Pitching for Kansas City Royals : RHP Kevin Brown
Pitching: RHP Armando Benitez
Batting: LHB Todd Hollandsworth 0-0: Called Strike
0-1: Swinging Strike
0-2: Ball
1-2: Strikes out swinging
Batting: LHB Barry Bonds 0-0: Called Strike
0-1: Ball
1-1: Called Strike
1-2: Ball
2-2: Foul Ball, location: 2F
2-2: Ball
3-2: Base on Balls
Batting: RHB Danny Tartabull 0-0: Foul Ball, location: 2F
0-1: Ball
1-1: Foul Ball, location: 2F
1-2: Foul Ball, location: 2F
1-2: DOUBLE (Flyball, 7LD, EV 106.3 MPH)
Barry Bonds to third
Runner from 3rd tries for Home, SAFE, throw by LF to trailing runner, OUT at third! 7-6-5
Batting: RHB Akira Eto 0-0: Ball
1-0: Called Strike
1-1: Ball
2-1: SINGLE (Groundball, 56D, EV 101.3 MPH)
Batting: LHB Rusty Greer 0-0: Foul Ball, location: 2F
0-1: Foul Ball, location: 2F
0-2: Ball
1-2: Foul Ball, location: 2F
1-2: Ball
2-2: Foul Ball, location: 2F
2-2: Foul Ball, location: 2F
2-2: Ball
3-2: Foul Ball, location: 2F
3-2: Fly out, F8 (Line Drive, 8LD, EV 91.9 MPH)
Bottom of the 11th over - 1 run, 2 hits, 0 errors, 1 left on base; Kansas City 2 - Boston 2
TOP OF THE 12TH
Kansas City Royals batting - Pitching for Boston Red Sox : LHP Rosario Rodriguez
Batting: RHB Barry Larkin 0-0: Called Strike
0-1: Ball
1-1: Ground out 6-3 (Groundball, 6, EV 83.8 MPH)
Batting: RHB Richard Hidalgo 0-0: Fly out, F9 (Flyball, 9LMF, EV 110.6 MPH)
Batting: RHB Andruw Jones 0-0: Called Strike
0-1: Called Strike
0-2: Ball
1-2: Strikes out swinging
Top of the 12th over - 0 runs, 0 hits, 0 errors, 0 left on base; Kansas City 2 - Boston 2
BOTTOM OF THE 12TH
Boston Red Sox batting - Pitching for Kansas City Royals : RHP Armando Benitez
Pitching: LHP Kevin Rogers
Batting: RHB Mike Cameron 0-0: Ball
1-0: Ball
2-0: SINGLE (Groundball, 6M, EV 95.0 MPH)
Batting: RHB Scott Fletcher 0-0: Bunt missed!
0-1: Ball
1-1: Bunt missed!
1-2: Foul Ball, location: 2F
1-2: Ball
2-2: Foul Ball, location: 2F
2-2: Ball
3-2: SINGLE (Groundball, 6MD, EV 98.1 MPH)
Mike Cameron to second
Mike Cameron to third
Batting: RHB Mike Stanley 0-0: Ball
1-0: Fly out, F8 (Flyball, 8LS, EV 90.0 MPH)
Batting: RHB Edgar Renteria 0-0: Ball
1-0: SINGLE (Groundball, 4MD, EV 107.5 MPH)
Mike Cameron scores
Friday, January 30th, 2026 - OOTP Baseball 20.8 Build 74